 Dungeon Crawl Stone Soup version 0.27.0-1-g7a089689b8 (webtiles) character file.

Game seed: 6092040660735253261

463 Malachi the Cutter (level 7, -15/44 HPs)
             Began as a Kobold Abyssal Knight on Aug 15, 2021.
             Was a Follower of Lugonu.
             Demolished by a two-headed ogre (21 damage)
             ... on level 5 of the Dungeon.
             The game lasted 00:07:53 (7934 turns).

Malachi the Cutter (Kobold Abyssal Knight)          Turns: 7934, Time: 00:07:54

Health: -15/44     AC:  7    Str:  9    XL:     7   Next: 29%
Magic:  8/8        EV: 17    Int: 15    God:    Lugonu [*.....]
Gold:   58         SH:  9    Dex: 15    Spells: 6/6 levels left

rFire    . . .     SeeInvis .   e - +3 falchion (flame)
rCold    . . .     Faith    .   (shield restricted)
rNeg     . . .     Spirit   .   c - +0 ring mail {rPois}
rPois    +         Reflect  +   j - +1 helmet
rElec    .         Harm     .   (no cloak)
rCorr    .         Rampage  .   (no gloves)
Will     .....                  (no boots)
Stlth    +++.......             l - amulet of reflection
HPRegen  0.14/turn              i - +4 ring of evasion
MPRegen  0.11/turn              (no ring)

@: no status effects
A: small, no large weapons, nightstalker 3, large bone plates 1
a: Renounce Religion, Depart the Abyss


You were on level 5 of the Dungeon.
You worshipped Lugonu.
Lugonu was aware of your devotion.
You visited 1 branch of the dungeon, and saw 5 of its levels.
You visited the Abyss 1 time.

You collected 219 gold pieces.
You spent 161 gold pieces at shops.

Inventory:

Hand Weapons
 a - a +1 short sword
 d - a +1 whip of holy wrath
 e - a +3 falchion of flaming (weapon)
Armour
 b - a +0 leather armour
 c - a +0 ring mail of poison resistance (worn)
 j - a +1 helmet (worn)
Magical Staves
 m - a staff of death
Jewellery
 i - a +4 ring of evasion (left hand)
 k - a +6 ring of strength
 l - an amulet of reflection (around neck)
Wands
 f - a wand of flame (15)
Scrolls
 h - a scroll of enchant weapon
 n - a scroll of enchant armour
Potions
 g - a potion of cancellation


   Skills:
 + Level 4.3 Fighting
 + Level 5.4(5.6) Short Blades
 + Level 1.0(2.3) Long Blades
 + Level 2.9 Armour
 + Level 3.3 Dodging
 + Level 3.4 Stealth
 + Level 0.9 Shields
 + Level 2.3 Invocations


You had 6 spell levels left.
You didn't know any spells.
Your spell library contained the following spells:

 Spells                   Type           Power      Damage    Failure   Level
 Animate Skeleton         Necr           0%         N/A       56%         1
 Foxfire                  Conj/Fire      0%         2x1d4     56%         1
 Pain                     Necr           0%         1d4       56%         1
 Blink                    Tloc           N/A        N/A       71%         2
 Conjure Flame            Conj/Fire      0%         6-21      91%         3
 Inner Flame              Hex/Fire       0%         N/A       91%         3
 Lesser Beckoning         Tloc           0%         N/A       91%         3
 Vampiric Draining        Necr           0%         2d6       91%         3
 Manifold Assault         Tloc           0%         N/A       100%        5


Dungeon Overview and Level Annotations

Branches:
Dungeon (5/15)
 Temple: D:4-7

Altars:
Ashenzari
Sif Muna
The Shining One

Shops:
D:3 =   D:5 (*?


Innate Abilities, Weirdness & Mutations

You are small and have problems with some larger weapons.
You are completely attuned to the shadows.
You are partially covered in large bone plates. (SH +4)


Message History

The two-headed ogre is lightly wounded.
The two-headed ogre barely misses you. The two-headed ogre misses you.
You see here an adder corpse.
The two-headed ogre closely misses you. The two-headed ogre misses you.
You see here an adder corpse.
A hound comes into view.
The helpless hound fails to defend itself.
You hit the hound. You burn the hound.
The hound is heavily wounded.
The hound closely misses you. The hound barely misses you.
You hit the hound. You burn the hound.
The hound is almost dead.
The hound bites you. You block the two-headed ogre's attack.
The two-headed ogre closely misses you. You block the hound's attack.
You hit the hound. You burn the hound.
You kill the hound!
Lugonu accepts your kill.
The two-headed ogre hits you but does no damage.
The two-headed ogre closely misses you.
You see here a hound corpse.
You block the two-headed ogre's attack. The two-headed ogre misses you.
Your ring mail prevents you from hitting the two-headed ogre.
The two-headed ogre hits you with a +0 giant club.
The two-headed ogre closely misses you.
You hit the two-headed ogre. You burn the two-headed ogre.
The two-headed ogre is lightly wounded.
You block the two-headed ogre's attack. x2
You hit the two-headed ogre. You burn the two-headed ogre.
The two-headed ogre is lightly wounded.
The two-headed ogre closely misses you. x2
You hit the two-headed ogre. You burn the two-headed ogre.
The two-headed ogre is lightly wounded.
The two-headed ogre completely misses you.
The two-headed ogre hits you with a +0 giant club!
* * * LOW HITPOINT WARNING * * *
You completely miss the two-headed ogre.
The two-headed ogre is lightly wounded.
You block the two-headed ogre's attack.
The two-headed ogre hits you with a +0 giant club!!
You die...

#.........# #.#
#.........# #.#
#.........# #.#
##.........# #.#
#..........# #.#
#.###'###..###.#
#.#♣♣.♣♣#...##.##
###♣...♣#.#O##..#
+.._..'†#@###.#
#♣...♣#.#.# #.#
♣♣.♣♣#.#.# #.#
#+###.#.###.#
#......##.#
+......##†#
#......##.##.
##............
#...........#


You could see a two-headed ogre.

Vanquished Creatures
  A water moccasin (D:5)
  A water moccasin zombie (D:5)
  A bullfrog zombie (D:5)
  2 hounds
  Ijyb (D:3)
  Terence (D:2)
  Natasha (D:2)
  An iguana (D:4)
  A gnoll (D:1)
  3 adders
  3 worms
  3 dart slugs
  An orc (D:2)
  6 ball pythons
  6 bats
  7 endoplasms
  3 giant cockroaches
  8 goblins
  7 hobgoblins
  3 jackals (D:3)
  A quokka (D:2)
  2 frilled lizards
  7 rats
70 creatures vanquished.

Notes
Turn   | Place    | Note
-------+----------+-------------------------------------------
     0 | Abyss:1  | Malachi the Kobold Abyssal Knight began the quest for the
                  | Orb.
     0 | Abyss:1  | Reached XP level 1. HP: 14/14 MP: 2/2
     0 | Abyss:1  | Found a corrupted altar of Lugonu.
    90 | Abyss:1  | Noticed a thrashing horror
    94 | D:1      | Escaped the Abyss
   388 | D:1      | Reached XP level 2. HP: 15/19 MP: 3/3
   394 | D:1      | Reached skill level 3 in Short Blades
  1032 | D:1      | Reached skill level 1 in Armour
  1032 | D:1      | Reached XP level 3. HP: 8/24 MP: 4/4
  1149 | D:1      | Reached skill level 1 in Stealth
  2926 | D:2      | Reached XP level 4. HP: 15/29 MP: 5/5
  3133 | D:2      | Noticed Terence
  3185 | D:2      | Killed Terence
  3185 | D:2      | Reached * piety under Lugonu
  3814 | D:2      | Reached skill level 4 in Short Blades
  3949 | D:2      | Noticed Natasha
  3974 | D:2      | Killed Natasha
  3975 | D:2      | Reached XP level 5. HP: 13/33 MP: 6/6
  4632 | D:3      | Found a faded altar of an unknown god.
  5108 | D:3      | Noticed Ijyb
  5124 | D:3      | Gained mutation: You are partially covered in large bone
                  | plates. (SH +4) [potion of mutation]
  6390 | D:3      | Killed Ijyb
  6425 | D:3      | Found Guavet's Jewellery Boutique.
  6590 | D:4      | Found a glowing golden altar of the Shining One.
  6796 | D:4      | Found a broken altar of Ashenzari.
  7363 | D:4      | Reached XP level 6. HP: 38/38 MP: 7/7
  7527 | D:5      | Entered Level 5 of the Dungeon
  7527 | D:5      | Found Helavaw's Magic Scroll Shop.
  7669 | D:5      | Noticed a water moccasin
  7683 | D:5      | Killed a water moccasin
  7684 | D:5      | Reached skill level 5 in Short Blades
  7684 | D:5      | Reached XP level 7. HP: 42/43 MP: 8/8
  7692 | D:5      | Found Japyff's Assorted Antiques.
  7717 | D:5      | Bought a cabochon ring for 115 gold pieces
  7717 | D:5      | Bought a scroll labelled XAUT QIPLA for 23 gold pieces
  7717 | D:5      | Bought a scroll labelled ZISYRGHYENAI for 23 gold pieces
  7726 | D:5      | Reached skill level 1 in Long Blades
  7726 | D:5      | Found a shimmering blue altar of Sif Muna.
  7753 | D:5      | Found Jaem Nis's Weapon Shop.
  7763 | D:5      | Noticed a two-headed ogre
  7934 | D:5      | Demolished by a two-headed ogre

Illustrated notes

Levels and vault maps discovered:
D:1:      dpeg_arrival_concentric_ovals, layout_loops_ring
D:2:      layout_basic, minmay_ruptured, uniq_terence, uniq_natasha
D:3:      layout_basic, serial_shops, shop, dreamdust_ecumenical_altar_statues,
          uniq_ijyb
D:4:      layout_loops_ring, mainiacjoe_overflow_large_starburst
D:5:      wad_river_or_something, layout_basic, kennysheep_little_box,
          serial_shops, nicolae_stop_n_shop_1, nicolae_stop_n_shop_2,
          shop_coins, nicolae_shop_stone

Skill      XL: |  1  2  3  4  5  6  7 |
---------------+----------------------+-----
Short Blades   | 3 4 5 |  5.4
Armour         | 1 2 |  2.9
Stealth        | 1 2 3 |  3.4
Fighting       | 4 |  4.3
Dodging        | 3 |  3.3
Long Blades    | 1 |  1.0
Shields        | |  0.9
Invocations    | |  2.3

Action                   |  1- 3 |  4- 6 |  7- 9 || total
-------------------------+-------+-------+-------++-------
Melee: Short sword       |   115 |   214 |       ||   329
       Falchion          |       |    15 |    31 ||    46
Invok: Depart the Abyss  |     1 |       |       ||     1
Evoke: Wand              |       |       |     2 ||     2
  Use: Scroll            |     4 |     3 |     3 ||    10
       Potion            |     1 |     3 |       ||     4
 Stab: Sleeping          |     6 |     8 |     1 ||    15
Armor: Leather armour    |    18 |       |       ||    18
       Ring mail         |       |    30 |     5 ||    35
Dodge: Dodged            |    57 |   159 |    29 ||   245
Block: Other             |       |    36 |    15 ||    51
       Reflection        |       |     1 |       ||     1
       Rpst.: Falchion   |       |     1 |     3 ||     4
